 Dungeon Crawl Stone Soup version 0.21.1-1-g345015f (webtiles) character file.

221 empire the Conjurer (level 5, -1/40 HPs)
             Began as a Draconian Wizard on June 18, 2018.
             Slain by an orc wizard
             ... wielding a +0 dagger
              (4 damage)
             ... on level 4 of the Dungeon.
             The game lasted 00:07:48 (2896 turns).

empire the Conjurer (Draconian Wizard)              Turns: 2896, Time: 00:07:49

Health: -1/40      AC:  5    Str: 11    XL:     5   Next: 65%
Magic:  0/9        EV: 12    Int: 22    God:
Gold:   56         SH:  0    Dex:  7    Spells: 2/10 levels left

rFire    + . .     SeeInvis .   b - +0 mace
rCold    + . .     Gourm    .   (no shield)
rNeg     . . .     Faith    .   (armour unavailable)
rPois    +         Spirit   .   e - +0 hat
rElec    +         Reflect  .   (no cloak)
rCorr    +         Harm     .   (no gloves)
MR       .....                  (no boots)
Stlth    ++........             (no amulet)
HPRegen  0.00/turn              g - ring of stealth
MPRegen  0.11/turn              (no ring)

@: resistant, hasted, very quick
A: unfitting armour, clever 1, clumsy 1, inhibited regeneration, strong 1,
cold-blooded, AC +5
a: no special abilities


You were on level 4 of the Dungeon.
You were not hungry.

You visited 1 branch of the dungeon, and saw 6 of its levels.

You collected 146 gold pieces.
You spent 90 gold pieces at shops.

Inventory:

Hand Weapons
 a - a +0 short sword
 b - a +0 mace (weapon)
 y - a +0 flail
Missiles
 v - 7 javelins (quivered)
Armour
 e - a +0 hat (worn)
Jewellery
 g - a ring of stealth (left hand)
Scrolls
 d - a scroll of random uselessness {unknown}
 f - a scroll of noise {unknown}
 h - a scroll of enchant weapon {unknown}
 j - 4 scrolls of identify {unknown}
 k - a scroll of fog {unknown}
 m - a scroll of amnesia {unknown}
 o - a scroll of fear {unknown}
 q - 2 scrolls of teleportation {unknown}
 r - a scroll of enchant armour
 w - a scroll of blinking {unknown}
Potions
 u - a potion of magic {unknown}
Books
 l - a book of Minor Magic

   Spells                             Type                      Level
   a - Magic Dart                     Conjuration                  1
   b - Blink                          Translocation                2
   c - Call Imp                       Summoning                    2
   d - Slow                           Hexes                        2
   e - Conjure Flame                  Conjuration/Fire             3
   f - Mephitic Cloud                 Conjuration/Poison/Air       3
Comestibles
 c - 8 rations


   Skills:
 - Level 1.6 Fighting
 - Level 1.1 Short Blades
 - Level 1.1 Maces & Flails
 - Level 3.0 Dodging
 - Level 1.7 Stealth
 - Level 3.0 Spellcasting
 + Level 4.1 Conjurations
 - Level 1.0 Summonings
 - Level 1.0 Translocations


You had 2 spell levels left.
You knew the following spells:

 Your Spells              Type           Power        Failure   Level  Hunger
a - Magic Dart            Conj           ###.         2%          1    None
b - Blink                 Tloc           N/A          12%         2    ##.....
c - Call Imp              Summ           #.......     12%         2    ##.....
d - Mephitic Cloud        Conj/Pois/Air  #.......     22%         3    ###....


Dungeon Overview and Level Annotations

Branches:
Dungeon (6/15)
 Temple: D:4-7

Altars:
Qazlal

Shops:
D:6 *

Annotations:
D:3 Terence


Innate Abilities, Weirdness & Mutations

Your plain brown scales are hard. (AC +5)
You cannot fit into any form of body armour.
You are cold-blooded and may be slowed by cold attacks.
Your mind is acute. (Int +2)
You are clumsy. (Dex -2)
You do not regenerate when monsters are visible.
Your muscles are strong. (Str +2)


Message History

You hit the orc.
You kill the orc!
The orc wizard hits you but does no damage.
You hit the orc wizard.
The orc wizard is lightly wounded.
The orc wizard misses you. The orc wizard closely misses you.
The scorpion misses you.
Your magical contamination has completely faded away.
You hit the orc wizard.
The orc wizard is lightly wounded.
The orc wizard barely misses you. The scorpion barely misses you.
The orc wizard casts a spell at you. The magic dart hits you!
* * * LOW HITPOINT WARNING * * *
The scorpion stings you.
* * * LOW HITPOINT WARNING * * *
It was a potion of haste.
You feel yourself speed up.
The orc wizard hits you but does no damage.
The orc wizard hits you with a dagger.
You die...

.# .# .#
#####.###
##.......#
#.##........#
#.....))....#
#..)@o...#
#..(.s†)...#
#..........#
r...........#
####.####.###
.. .# ## .#
..


You could see a scorpion, an orc wizard and a quokka (wandering).

Vanquished Creatures
  A centaur (D:5)
  A bullfrog zombie (D:5)
  3 adders
  3 dart slugs
  3 leopard geckos
  7 orcs
  4 ball pythons
  3 giant cockroaches
  7 goblins
  7 hobgoblins
  6 jackals
  A quokka (D:3)
  5 bats
  2 frilled lizards
  A jackal skeleton (D:3)
  4 kobolds
  10 rats
68 creatures vanquished.

Notes
Turn   | Place    | Note
-------+----------+-------------------------------------------
     0 | D:1      | empire the Draconian Wizard began the quest for the Orb.
     0 | D:1      | Reached XP level 1. HP: 14/14 MP: 4/4
   220 | D:1      | Reached XP level 2. HP: 20/20 MP: 6/6
   619 | D:1      | Reached skill level 2 in Conjurations
   794 | D:1      | Reached XP level 3. HP: 15/26 MP: 7/7
  1506 | D:2      | Noticed an earth elemental
  1510 | D:2      | Found a stormy altar of Qazlal.
  1792 | D:2      | Noticed a fire elemental
  1792 | D:2      | Noticed a water elemental
  1792 | D:2      | Noticed an air elemental
  1815 | D:2      | Reached XP level 4. HP: 32/33 MP: 8/8
  1967 | D:2      | Reached skill level 3 in Conjurations
  2253 | D:3      | Learned a level 2 spell: Blink
  2256 | D:3      | Learned a level 2 spell: Call Imp
  2260 | D:3      | Learned a level 3 spell: Mephitic Cloud
  2263 | D:3      | Noticed Terence
  2278 | D:3      | You fall through a shaft for 3 floors!
  2484 | D:6      | Found Zozuybb's General Store.
  2499 | D:6      | Bought a scroll of enchant armour for 90 gold pieces
  2504 | D:5      | Entered Level 5 of the Dungeon
  2531 | D:5      | Noticed a centaur
  2548 | D:5      | Killed a centaur
  2548 | D:5      | Reached skill level 1 in Fighting
  2548 | D:5      | Reached skill level 1 in Short Blades
  2548 | D:5      | Reached skill level 1 in Maces & Flails
  2548 | D:5      | Reached XP level 5. HP: 8/40 MP: 0/9
  2693 | D:5      | Reached skill level 4 in Conjurations
  2885 | D:4      | Gained mutation: Your muscles are strong. (Str +2) [potion of mutation]
  2885 | D:4      | Gained mutation: You do not regenerate when monsters are visible. [potion of mutation]
  2885 | D:4      | Gained mutation: You are clumsy. (Dex -2) [potion of mutation]
  2885 | D:4      | Gained mutation: Your mind is acute. (Int +2) [potion of mutation]
  2886 | D:4      | HP: 2/40 [orc/hand axe (4)]
  2896 | D:4      | Slain by an orc wizard

Skill      XL: |  1  2  3  4  5 |
---------------+----------------+-----
Dodging        | 2 3 |  3.0
Conjurations   | 2 3 4 |  4.1
Fighting       | 1 |  1.6
Short Blades   | 1 |  1.1
Maces & Flails | 1 |  1.1
Stealth        | |  1.7
Spellcasting   | |  3.0
Summonings     | |  1.0
Translocations | |  1.0

Action                   |  1- 3 |  4- 6 || total
-------------------------+-------+-------++-------
Melee: Club              |    17 |       ||    17
       Dagger            |    31 |       ||    31
       Mace              |    81 |    24 ||   105
       Tailslap          |     4 |     3 ||     7
       Short sword       |       |     8 ||     8
 Cast: Magic Dart        |    46 |    51 ||    97
       Blink             |       |     1 ||     1
  Use: Potion            |       |     6 ||     6
 Stab: Sleeping          |     9 |     3 ||    12
  Eat: Chunk             |     3 |     3 ||     6
Armor: Skin              |    45 |    27 ||    72
Dodge: Dodged            |   109 |    57 ||   166
